AoeStats
← Euro050

Arabian Desert

510336150Analyzed
1v1 RM · 21h ago on Sep 30, 2026· 38m 42s· 2 players
Game mode
Random Map
Map size
Tiny (2 player)
Population
200
Speed
Normal
Resources
Standard
Victory
Conquest
Starting age
Dark Age
Ending age
Imperial Age
RankedLock teamsTeams togetherTeam positionsShared explorationLock speedFull tech treeHidden civsTurbo modeCheats
Victory
Defeat
🇳🇱 Chinese · Netherlands
1555
+16
🇫🇷 Japanese · France
1551
-16
Yannou
6:18 Loom
9:05 Feudal Age
9:23 Man-at-Arms
11:04 Double-Bit Axe
12:44 Arson
13:52 Fletching
18:25 Wheelbarrow
22:20 Castle Age
20:59 Padded Archer Armor
22:23 Elite Skirmisher
22:59 Bodkin Arrow
23:33 Town Watch
24:40 Bow Saw
26:29 Ballistics
27:49 Crossbowman
32:41 Horse Collar
37:45 Imperial Age
37:24 Leather Archer Armor
Euro050
0:39 Loom
8:50 Feudal Age
11:12 Double-Bit Axe
14:42 Fletching
19:21 Castle Age
17:47 Horse Collar
18:29 Padded Archer Armor
19:22 Crossbowman
19:58 Bodkin Arrow
20:22 Bow Saw
20:39 Heavy Plow
21:26 Wheelbarrow
24:06 Scale Barding Armor
24:12 Forging
25:32 Chain Barding Armor
26:06 Bloodlines
27:00 Husbandry
28:22 Gold Mining
29:54 Hand Cart
30:18 Town Watch
35:27 Imperial Age
33:35 Devotion
34:43 Gold Shaft Mining
33:58 Stone Mining
34:53 Ballistics
36:28 Bracer
37:29 Chemistry
37:07 Thumb Ring
37:55 Plate Barding Armor
38:00 Cavalier
Connection lost

Rejoining the realm…

Still unreachable

The connection could not be restored.

Session expired

The server has moved on; the page needs a fresh start.